 Dungeon Crawl Stone Soup version 0.25.0-11-g1f837a7 (webtiles) character file.

Game seed: 3953032448174801941

109 shmeve the Skirmisher (level 4, -1/61 HPs)
             Began as a Minotaur Berserker on June 24, 2020.
             Was a Believer of Trog.
             Slain by an orc
             ... wielding a +0 trident
              (6 damage)
             ... on level 3 of the Dungeon.
             The game lasted 00:04:36 (3044 turns).

shmeve the Skirmisher (Minotaur Berserker)          Turns: 3044, Time: 00:04:36

Health: -1/61      AC:  2    Str: 22    XL:     4   Next: 60%
Magic:  3/3        EV: 12    Int:  5    God:    Trog [**....]
Gold:   131        SH:  0    Dex:  9    Spells: 3/3 levels left

rFire    . . .     SeeInvis .   a - +0 hand axe
rCold    . . .     Gourm    .   (no shield)
rNeg     . . .     Faith    .   b - +0 animal skin
rPois    .         Spirit   .   (helmet restricted)
rElec    .         Reflect  .   (no cloak)
rCorr    .         Harm     .   (no gloves)
MR       .....                  (no boots)
Stlth    ..........             (no amulet)
HPRegen  0.20/turn              (no ring)
MPRegen  0.08/turn              (no ring)

@: berserking, very quick
A: retaliatory headbutt, horns 2
a: Berserk, Trog's Hand, Renounce Religion


You were on level 3 of the Dungeon.
You worshipped Trog.
Trog was pleased with you.
You were not hungry.

You visited 1 branch of the dungeon, and saw 3 of its levels.

You collected 131 gold pieces.

Inventory:

Hand Weapons
 a - a +0 hand axe (weapon)
Missiles
 n - 7 javelins (quivered)
Armour
 b - a +0 animal skin (worn)
Scrolls
 g - a scroll of fog {unknown}
 h - a scroll of teleportation {unknown}
 i - a scroll of enchant armour {unknown}
 j - 2 scrolls of identify {unknown}
 k - a scroll of enchant weapon {unknown}
 m - a scroll of immolation {unknown}
 o - a scroll of magic mapping {unknown}
Potions
 e - a potion of brilliance {unknown}
 f - a potion of might {unknown}
 l - a potion of curing {unknown}
Comestibles
 c - 8 rations
 d - a chunk of flesh


   Skills:
 * Level 4.7 Fighting
 * Level 4.6 Axes
 + Level 1.2 Throwing
 + Level 3.1 Armour
 + Level 2.8 Dodging


You had 3 spell levels left.
You didn't know any spells.
Your spell library was empty.

Dungeon Overview and Level Annotations

Branches:
Dungeon (3/15)

Altars:


Innate Abilities, Weirdness & Mutations

You reflexively headbutt those who attack you in melee.
You have a pair of horns on your head.


Message History

The adder bites you.
You closely miss the adder.
The adder is heavily wounded.
The adder closely misses you. The orc barely misses you.
You hit the adder but do no damage.
The adder is heavily wounded.
You hit the worm. The adder bites you. The orc hits you but does no damage.
You miss the adder. You headbutt the adder.
You kill the adder!
Trog accepts your kill.
You hit the worm but do no damage. The worm bites you!
* * * LOW HITPOINT WARNING * * *
The orc completely misses you.
Unknown command.
A red film seems to cover your vision as you go berserk!
You feel yourself moving faster!
You feel mighty!
You feel quite a bit more hungry. The worm bites you.
* * * LOW HITPOINT WARNING * * *
The orc hits you from afar with a +0 trident.
You die...

... ##########..
#....).....#
#..........##.
#..%%......(..
#......o.....#
##....w.....# #
......†@....#.##
.....>†.....!...
?...............
........<...##.
.............#
...#########...#
..# ##.# ## #


You could see a worm and an orc.

Vanquished Creatures
  3 adders
  2 oozes
  2 worms (D:2)
  A dart slug (D:1)
  3 leopard geckos (D:1)
  4 giant cockroaches
  8 goblins
  5 hobgoblins (D:1)
  11 jackals
  6 kobolds
  A quokka (D:2)
  6 bats
  4 frilled lizards
  6 rats
62 creatures vanquished.

Notes
Turn   | Place    | Note
-------+----------+-------------------------------------------
     0 | D:1      | shmeve the Minotaur Berserker began the quest for the Orb.
     0 | D:1      | Reached XP level 1. HP: 19/19 MP: 0/0
   439 | D:1      | Reached XP level 2. HP: 25/27 MP: 1/1
   885 | D:1      | Reached XP level 3. HP: 25/33 MP: 2/2
  1007 | D:1      | Reached ** piety under Trog
  2175 | D:2      | Reached XP level 4. HP: 39/41 MP: 3/3
  2744 | D:2      | Reached skill level 1 in Throwing
  3044 | D:3      | Slain by an orc

Illustrated notes

Levels and vault maps discovered:
D:1:      sevenhm_arrival_forest_fort_large_2, layout_basic, grunt_decor_clamped
D:2:      layout_basic
D:3:      layout_rooms, first_ration

Skill      XL: |  1  2  3  4 |
---------------+-------------+-----
Fighting       | 4 |  4.7
Axes           | 4 |  4.6
Armour         | 3 |  3.1
Throwing       | 1 |  1.2
Dodging        | |  2.8

Action                   |  1- 3 |  4- 6 || total
-------------------------+-------+-------++-------
Melee: Hand axe          |    91 |    26 ||   117
       Headbutt          |     7 |     9 ||    16
Invok: Berserk           |       |     2 ||     2
 Stab: Sleeping          |     1 |       ||     1
  Eat: Chunk             |     4 |     4 ||     8
Armor: Animal skin       |    18 |     7 ||    25
Dodge: Dodged            |    58 |    21 ||    79
